Map: Dusk Towers

Players

GRACE - Winner!

  • Race: Protoss Protoss
  • League: Master

LilDicky

  • Race: Terran Terran
  • League: Diamond

VOD

http://www.twitch.tv/tumescentpie

Description

Time

  • Played on: Dec. 7, 2015, 4:52 p.m.
  • Length: 18:04
Show
View Real Time Build Order
Export as new Build Order

GRACE Protoss - Winner!

Build Orders: Nexus First 

Get SALT Encoding   

  12  0:01  Probe (Chrono Boost)  
  13  0:13  Probe (Chrono Boost)  
  14  0:22  Pylon  
  14  0:24  Probe (Chrono Boost)  
  15  0:40  Probe (Chrono Boost)  
  16  0:51  Probe (Chrono Boost)  
  17  1:03  Probe (Chrono Boost), Nexus  
  18  1:16  Gateway  
  18  1:17  Probe (Chrono Boost)  
  19  1:28  Assimilator  
  19  1:32  Assimilator  
  19  1:40  Probe (Chrono Boost)  
  19  1:45  Pylon  
  20  1:51  Probe (Chrono Boost)  
  21  2:08  Probe (Chrono Boost)  
  21  2:11  Cybernetics Core  
  21  2:16  Probe (Chrono Boost)  
  21  2:20  Forge  
  22  2:23  Gateway  
  22  2:28  Pylon  
  22  2:37  Probe x2 (Chrono Boost)  
  22  2:40  Protoss Ground Weapons Level 1 (Chrono Boost)  
  24  2:52  Mothership Core (Chrono Boost)  
  24  2:56  Probe  
  27  3:00  Warp Gate (Chrono Boost)  
  27  3:08  Probe  
  27  3:11  Pylon  
  28  3:24  Photon Cannon  
  28  3:29  Adept x2  
  32  3:36  Pylon  
  32  3:46  Pylon  
  32  4:01  Probe  
  32  4:02  Probe  
  34  4:08  Assimilator  
  34  4:12  Assimilator  
  34  4:14  Twilight Council  
  34  4:19  Protoss Ground Armor Level 1  
  34  4:30  Probe x2  
  36  4:42  Probe, Pylon  
  37  4:51  Pylon  
  37  4:55  Dark Shrine  
  37  5:00  Probe x2  
  37  5:05  Photon Cannon  
  39  5:12  Probe x2  
  41  5:15  Stalker  
  43  5:29  Sentry  
  43  5:31  Pylon  
  43  5:33  Pylon  
  42  5:35  Mothership Core  
  42  5:40  Adept  
  44  5:50  Pylon  
  40  6:01  Adept  
  40  6:05  Dark Shrine  
  40  6:09  Pylon  
  40  6:11  Pylon  
  40  6:13  Gateway  
  40  6:17  Gateway  
  28  6:55  Pylon  
  23  7:07  Probe x2  
  24  7:19  Probe x2  
  24  7:21  Pylon  
  26  7:23  Pylon  
  26  7:26  Gateway  
  26  7:27  Gateway, Protoss Ground Weapons Level 2  
  26  7:29  Robotics Facility  
  26  7:40  Probe x2  
  28  7:48  Dark Templar x2  
  32  7:55  Probe (Chrono Boost)  
  33  7:59  Probe (Chrono Boost)  
  30  8:06  Probe (Chrono Boost)  
  31  8:23  Dark Templar  
  31  8:24  Dark Templar  
  31  8:27  Dark Templar x2  
  37  8:33  Photon Cannon  
  39  8:39  Warp Prism (Chrono Boost)  
  41  8:43  Probe  
  41  8:44  Probe  
  43  8:56  Probe  
  43  8:57  Probe, Pylon  
  45  9:06  Dark Templar  
  45  9:08  Dark Templar  
  49  9:15  Mothership Core  
  49  9:29  Probe  
  50  9:36  Probe  
  50  9:37  Pylon  
  50  9:38  Pylon  
  51  9:41  Probe  
  52  9:48  Probe  
  53  9:53  Probe  
  54  10:01  Nexus  
  54  10:05  Probe x2  
  56  10:12  Pylon  
  56  10:14  Robotics Facility  
  56  10:19  Dark Templar x2  
  60  10:39  Protoss Ground Weapons Level 3  
  50  11:05  Gateway  
  50  11:07  Templar Archives, Gateway  
  50  11:08  Gateway  
  50  11:10  Gateway  
  49  11:20  Pylon  
  49  11:21  Pylon  
  49  11:23  Pylon  
  49  11:34  Charge (Chrono Boost)  
  49  11:41  Adept x2  
  49  11:44  Immortal (Chrono Boost)  
  57  12:07  Sentry x3  
  63  12:19  Zealot  
  65  12:32  Immortal (Chrono Boost)  
  65  12:34  Zealot x4  
  65  12:35  Zealot  
  79  12:40  Zealot  
  65  12:51  Psionic Storm  
  65  12:55  Zealot x5  
  75  13:07  High Templar  
  75  13:11  Protoss Ground Armor Level 2  
  77  13:15  High Templar  
  77  13:16  High Templar x3  
  77  13:18  Zealot  
  87  13:27  Warp Prism  
  89  13:44  Nexus  
  61  13:55  High Templar  
  53  14:12  Zealot, High Templar  
  53  14:13  Zealot x3  
  55  14:47  Zealot  
  55  14:48  Zealot x5  
  65  15:10  Probe  
  62  15:15  Pylon  
  62  15:16  Immortal  
  66  15:25  Probe  
  66  15:27  Pylon  
  67  15:29  Pylon  
  67  15:32  High Templar  
  67  15:33  High Templar x3  
  75  15:46  High Templar  
  75  15:47  High Templar  
  79  15:56  Immortal  
  83  15:57  Assimilator  
  83  16:01  Assimilator  
  83  16:06  Zealot x3  
  89  16:13  Pylon, Archon  
  89  16:24  Zealot x3  
  95  16:33  Zealot  
  87  16:50  Stalker  
  87  16:51  Stalker x3  
  93  17:01  Zealot x2  
  89  17:29  Zealot  
  85  17:30  Zealot x5  
Show
View Real Time Build Order
Export as new Build Order

LilDicky Terran 

Build Orders: MMM Bio 

Get SALT Encoding   

  12  0:01  SCV  
  13  0:13  SCV  
  14  0:18  Supply Depot  
  14  0:27  Refinery  
  14  0:28  SCV  
  15  0:40  SCV  
  16  0:46  Barracks  
  16  0:53  SCV  
  17  1:05  SCV  
  18  1:18  SCV  
  19  1:32  Orbital Command  
  19  1:34  Supply Depot, Factory  
  19  1:36  Marine  
  20  1:54  Marine  
  21  2:09  SCV  
  21  2:13  Barracks  
  22  2:17  Barracks  
  22  2:21  SCV  
  23  2:32  Refinery  
  23  2:33  SCV  
  25  2:43  Barracks Reactor, Widow Mine  
  26  2:45  SCV  
  27  2:58  SCV  
  28  3:00  Supply Depot  
  28  3:02  Barracks Tech Lab  
  28  3:04  Barracks Tech Lab  
  28  3:10  SCV  
  28  3:12  Widow Mine  
  29  3:23  Stimpack  
  29  3:24  Combat Shields  
  29  3:25  Marine x4  
  29  3:27  SCV  
  34  3:34  Supply Depot  
  34  3:39  SCV  
  35  3:42  Starport, Marine  
  35  3:43  Marine  
  37  3:52  Marauder  
  38  3:56  Marauder  
  38  4:04  SCV  
  38  4:06  Supply Depot  
  38  4:08  Marine  
  38  4:09  Marine  
  41  4:16  SCV, Marauder  
  44  4:17  Marine  
  44  4:20  Medivac  
  47  4:26  Supply Depot  
  47  4:30  Marine  
  48  4:35  Marauder  
  48  4:36  Marine  
  51  4:44  Marauder  
  53  5:06  Marine x3  
  58  5:07  Marauder  
  58  5:08  SCV  
  58  5:12  Supply Depot  
  59  5:24  Marauder, Marine x2  
  63  5:35  Marine  
  63  5:41  Marine  
  64  5:47  Marine x2  
  45  6:47  Marine  
  45  6:48  Marauder x2  
  45  6:53  Engineering Bay  
  50  6:58  Command Center  
  46  7:12  Marine  
  46  7:13  Marine  
  46  7:15  Marine x2  
  40  7:18  Medivac  
  44  7:24  Missile Turret  
  44  7:30  Marine x2  
  44  7:33  Marine x2  
  44  7:34  Barracks  
  44  7:35  Barracks  
  48  7:37  SCV  
  49  7:48  Marine  
  50  7:53  Supply Depot  
  43  8:22  Marine  
  43  8:23  Marauder, Marine  
  43  8:24  Marauder  
  43  8:25  Marine x2  
  49  8:31  SCV  
  50  8:37  Missile Turret  
  50  8:40  Marine x2  
  52  8:42  Supply Depot  
  52  8:43  Marine x2  
  52  8:45  Concussive Shells, Marauder x2  
  58  8:51  Terran Infantry Weapons Level 1  
  58  8:54  Orbital Command  
  58  8:58  Marine x2  
  58  9:01  Marine  
  61  9:15  Marine  
  61  9:16  Marauder, Marine  
  61  9:19  Marine x2  
  61  9:22  Supply Depot  
  61  9:24  SCV  
  64  9:25  Marine  
  64  9:29  SCV  
  66  9:32  Starport Tech Lab  
  66  9:34  Marauder  
  68  9:40  Marauder, Marine  
  68  9:43  Armory  
  71  9:48  SCV, Marine x2  
  71  9:51  Raven  
  76  9:53  Marine  
  76  9:55  Marauder  
  79  10:05  Marine x2  
  67  10:42  SCV x2  
  67  10:45  Medivac  
  69  11:22  Marine x3  
  69  11:23  Marine x2  
  69  11:24  Marine  
  75  11:25  Missile Turret  
  75  11:28  Refinery  
  75  11:32  Command Center  
  75  11:39  Marine  
  75  11:40  Marine x2  
  75  11:41  Marine x3  
  81  11:57  Marine  
  81  12:13  Marine x2  
  81  12:14  Marine  
  81  12:15  Marine x2  
  78  12:33  Raven  
  78  12:35  Marine x4  
  61  12:54  Marine x4  
  61  12:55  Marine x2  
  64  12:58  SCV  
  64  13:04  SCV  
  66  13:10  SCV  
  66  13:11  Missile Turret  
  66  13:12  Marine  
  68  13:13  Marauder x2  
  68  13:16  SCV  
  68  13:19  Marine x3, Medivac  
  77  13:21  Orbital Command  
  77  13:22  SCV  
  79  13:30  Marine  
  80  13:34  Marine x2  
  72  13:52  Marauder x2  
  69  13:58  Marine x2  
  70  14:10  Marine x2  
  70  14:13  Banshee, Marine  
  70  14:14  Marauder  
  70  14:16  Marine x2  
  80  14:21  Missile Turret  
  80  14:24  Orbital Command  
  80  14:27  Marine  
  80  14:28  Marine  
  81  14:32  Marauder  
  81  14:34  Marine x2  
  81  14:35  Marauder  
  85  14:45  Marine  
  80  14:51  Marine x2  
  80  14:52  Marine  
  67  14:53  Marauder  
  67  14:57  Marauder  
  59  15:00  Factory Tech Lab  
  59  15:04  Marine  
  58  15:09  Marine, Orbital Command  
  57  15:14  Marauder  
  57  15:18  Marine x2, Marauder  
  63  15:21  Terran Infantry Weapons Level 2  
  63  15:24  Engineering Bay  
  63  15:32  Marine x2  
  63  15:33  Orbital Command  
  65  15:36  Marauder  
  65  15:38  Cloaking Field  
  65  15:39  Banshee, Marauder  
  72  15:47  Starport  
  72  15:48  SCV  
  73  15:51  Refinery  
  73  15:57  Marauder  
  73  16:00  Marine  
  73  16:01  Marine x2, Marauder  
  73  16:04  Marine  
  81  16:05  SCV  
  82  16:17  Marine  
  83  16:19  Marine x2, Marauder  
  83  16:22  SCV x3, Marine, Marauder  
  77  16:53  Marine x4  
  78  16:56  Marine  
  78  16:58  SCV x3  
  82  17:04  Missile Turret  
  82  17:05  Missile Turret  
  82  17:06  Marine  
  83  17:10  SCV, Marine  
  83  17:14  Marauder  
  66  17:24  Marauder  
  55  17:35  Marine x4  
  55  17:36  Marauder  
Tags
 
Add a new tag
Caveats
  • Supply blocks, unpowered buildings, or Contaminate may cause inaccurate times.
  • Supply counts are checked every 10 seconds.